 Dungeon Crawl Stone Soup version 0.31-a0-1321-g5021b54 (webtiles) character file.

Game seed: 18253743799407436241

63 Meow the Conjurer (level 4, 34/36 HPs)
             Began as a Naga Conjurer on Dec 20, 2023.
             Quit the game on level 2 of the Dungeon.
             The game lasted 00:03:27 (1788 turns).

Meow the Conjurer (Naga Conjurer)                   Turns: 1788, Time: 00:03:28

Health: 34/36      AC:  2    Str: 10    XL:     4   Next: 10%
Magic:  4/8        EV:  9    Int: 20    God:
Gold:   86         SH:  0    Dex:  9    Spells: 6/9 levels left

rFire   . . .        a - +0 dagger (elec)
rCold   . . .        (no shield)
rNeg    . . .        d - +0 robe
rPois   +            (no helmet)
rElec   .            (no cloak)
rCorr   .            (no gloves)
SInv    +            (no barding)
Will    .....        (no amulet)
Stlth   ++           (no ring)
HPRegen 0.26/turn    (no ring)
MPRegen 0.11/turn

%: no passive effects
@: very slow
A: AC +1, large, see invisible, deformed body, poison resistance, slowness 2,
spit poison 1, naga tail 1
a: Spit Poison


You were on level 2 of the Dungeon.
You visited 1 branch of the dungeon, and saw 2 of its levels.

You collected 86 gold pieces.

Inventory:

Hand Weapons
 a - a +0 dagger of electrocution (weapon)
Missiles
 j - 6 stones
Armour
 d - a +0 robe (worn)
Scrolls
 c - a scroll of blinking {unknown}
 e - a scroll of enchant weapon {unknown}
 g - a scroll of identify {unknown}
Potions
 b - a potion of magic
 f - a potion of degeneration {unknown}
 h - a potion of curing {unknown}
 i - a potion of berserk rage {unknown}
 k - a potion of ambrosia {unknown}
 l - 2 potions of mutation {unknown}
 m - a potion of might {unknown}


   Skills:
 - Level 1.5 Dodging
 - Level 3.0 Stealth
 + Level 3.1 Spellcasting
 + Level 4.8 Conjurations


You had 6 spell levels left.
You knew the following spells:

 Your Spells              Type           Power      Damage    Failure   Level
a - Magic Dart            Conj           88%        1d7       1%          1
b - Searing Ray           Conj           44%        2d6       3%          2

Your spell library contained the following spells:

 Spells                   Type           Power      Damage    Failure   Level
 Summon Guardian Golem    Hex/Summ       3%         N/A       38%         3
 Fulminant Prism          Conj/Alch      6%         3d7       45%         4
 Iskenderun's Mystic Bla  Conj/Tloc      12%        2d5       45%         4
 Orb of Destruction       Conj           11%        9d6       100%        7
 Spellforged Servitor     Conj/Summ      6%         N/A       100%        7


Dungeon Overview and Level Annotations

Branches:
Dungeon (2/15)

Altars:


Innate Abilities, Weirdness & Mutations

Your serpentine skin is tough. (AC +1)
You have supernaturally acute eyesight. (SInv)
Armour fits poorly on your strangely shaped body.
Your system is resistant to poisons. (rPois)
You cover ground very slowly.
You can spit poison.
You have a snake-like lower body.


Message History

You have got your breath back.
You start resting.
Magic restored.
There is a stone staircase leading down here.
j - 6 stones (gained 2)
Things that are here:
a +0 dagger; a kobold corpse
Things that are here:
a +0 whip; a rat corpse; a kobold corpse You now have 86 gold pieces (gained 11).
l - 2 fuming clear potions
Found a stone staircase leading down.
m - a black potion Robin of the Strong Arm comes into view.
They are wielding a +0 club.
Robin shouts!
You hear a shout!
Aiming: Spit Poison (2% risk of failure)
Press: ? - help, Shift-Dir - straight line, f - Robin
Aim: Robin, wielding a +0 club, wearing a +0 animal skin and wearing a +0 helmet (70% to hit)
The splash of poison hits Robin.
Robin is poisoned.
Robin is lightly wounded.
Casting: Magic Dart (safe; 1% risk of failure)
Confirm with . or Enter, or press ? or * to list all spells.
Aiming: Searing Ray (safe; 3% risk of failure)
Press: ? - help, Shift-Dir - straight line, f/p - Robin
Aim: Robin, wielding a +0 club, wearing a +0 animal skin and wearing a +0 helmet (moderately wounded, poisoned, 84% to hit)
The searing ray hits Robin!
Robin is almost dead. (Press . to maintain the ray.)
The searing ray hits Robin.
You kill Robin!
You have reached level 4!
You feel stronger.
The goblin shouts!
Things that are here:
a +0 club; a +0 animal skin; a +0 helmet You have got your breath back.
You closely miss the goblin. The goblin hits you with a +0 dagger.
Things that are here:
a +0 club; a +0 animal skin; a +0 helmet Are you sure you want to abandon this character and quit the game? (Confirm with "yes".)

#
#####.##.#.##########
).....g........g@...#
.....)g..###.######.#
.# #.# ##.########
)####.# #.#
#.......... ......#
#.# #..#######.
####### #.# #..#
#..†..# #.# #..###
#.##.## #.# #....#
##.##.# #.# ##.##.#


You could see a goblin.

Vanquished Creatures
  Robin (D:2)
  A worm (D:2)
  5 endoplasms
  A giant cockroach (D:1)
  12 goblins
  3 hobgoblins
  2 quokkas (D:2)
  4 ball pythons
  5 bats
  A frilled lizard (D:2)
  6 kobolds
  3 rats (D:2)
44 creatures vanquished.

Notes
Turn   | Place    | Note
-------+----------+-------------------------------------------
     0 | D:1      | Meow the Naga Conjurer began the quest for the Orb.
     0 | D:1      | Reached XP level 1. HP: 15/15 MP: 3/3
   277 | D:1      | Reached XP level 2. HP: 22/22 MP: 1/5
   280 | D:1      | Learned a level 2 spell: Searing Ray
  1193 | D:2      | Reached XP level 3. HP: 28/28 MP: 6/6
  1778 | D:2      | Noticed Robin
  1782 | D:2      | Killed Robin
  1783 | D:2      | Reached XP level 4. HP: 36/36 MP: 4/8
  1788 | D:2      | Quit the game

Illustrated notes

Levels and vault maps discovered:
D:1:      ncdulo_smallfort, layout_basic, due_unseen_surprise
D:2:      minmay_angry_zag, layout_loops_ring, uniq_robin

Skill      XL: |  1  2  3 |
---------------+----------+-----
Spellcasting   | 3 |  3.1
Dodging        | |  1.5
Stealth        | |  3.0
Conjurations   | |  4.8

Action                     |  1- 3 |  4- 6 || total
---------------------------+-------+-------++-------
  Melee: Whip              |     2 |       ||     2
         Dagger            |       |     1 ||     1
   Cast: Magic Dart        |    51 |       ||    51
         Searing Ray       |     6 |       ||     6
Ability: Spit Poison       |    24 |       ||    24
 Armour: Robe              |     7 |     1 ||     8
  Dodge: Dodged            |     3 |       ||     3

Table legend: (Time is in decaauts)
 A = Elapsed time spent in this place.
 B = Non-inter-level travel time spent in this place.
 C = Inter-level travel time spent in this place.
 D = Time resting spent in this place.
 E = Time spent auto-exploring this place.
 F = Levels seen in this place.
 G = Mean time per level.
                   A        B        C        D        E       F      G
               +--------+--------+--------+--------+--------+-----+--------+
         Total |   2196 |   2123 |     73 |    621 |   1226 |   2 | 1098.0 |
       Dungeon |   2196 |   2123 |     73 |    621 |   1226 |   2 | 1098.0 |
               +--------+--------+--------+--------+--------+-----+--------+

Top non-repeatable levels by time:
     D:1: 1480 daAuts
     D:2: 715 daAuts
